 Dungeon Crawl Stone Soup version 0.29.1-15-g9cfb28693d (webtiles) character file.

Game seed: 4441494199238439018

67 Peloso the Covered (level 3, 33/33 HPs)
             Began as a Minotaur Fighter on Apr 2, 2023.
             Got out of the dungeon alive.
             The game lasted 00:03:25 (1509 turns).

Peloso the Covered (Minotaur Fighter)               Turns: 1509, Time: 00:03:25

Health: 33/33      AC:  9    Str: 20    XL:     3   Next: 98%
Magic:  2/2        EV:  9    Int:  5    God:
Gold:   121        SH:  4    Dex: 11    Spells: 2/2 levels left

rFire   . . .      SeeInvis .   a - +0 long sword
rCold   . . .      Faith    .   d - +0 buckler
rNeg    . . .      Spirit   .   b - +0 scale mail
rPois   .          Reflect  .   (helmet unavailable)
rElec   .          Harm     .   (no cloak)
rCorr   .          Rampage  .   (no gloves)
Will    .....                   (no boots)
Stlth   ..........              (no amulet)
HPRegen 0.11/turn               (no ring)
MPRegen 0.08/turn               (no ring)

@: no status effects
A: horns 3, retaliatory headbutt, iridescent scales 1
a: no special abilities


You escaped.
You visited 1 branch of the dungeon, and saw 2 of its levels.

You collected 121 gold pieces.

Inventory:

Hand Weapons
 a - a +0 long sword (weapon)
Armour
 b - a +0 scale mail (worn)
 c - a +2 hat
 d - a +0 buckler (worn)
Jewellery
 e - an amulet of faith
Potions
 i - a potion of berserk rage
 k - a potion of might
 l - a potion of curing
 n - a potion of degeneration {unknown}


   Skills:
 + Level 4.2 Fighting
 + Level 3.6 Long Blades
 + Level 4.2 Armour
 + Level 0.8 Dodging
 + Level 4.0 Shields


You had 2 spell levels left.
You didn't know any spells.
Your spell library contained the following spells:

 Spells                   Type           Power      Damage    Failure   Level
 Static Discharge         Conj/Air       0%         3-3/arc   96%         2
 Dazzling Flash           Conj/Hex       0%         N/A       99%         3
 Dispel Undead            Necr           0%         3d6       100%        4
 Fulminant Prism          Conj/Hex       0%         3d6       100%        4
 Iskenderun's Mystic Bla  Conj/Tloc      0%         2d3       100%        4
 Sticky Flame             Conj/Fire      0%         2d3       100%        4
 Lee's Rapid Deconstruct  Erth           0%         3d5*      100%        5
 Starburst                Conj/Fire      0%         6d3       100%        6


Dungeon Overview and Level Annotations

Branches:
Dungeon (2/15)

Altars:


Innate Abilities, Weirdness & Mutations

You have a pair of large horns on your head.
You reflexively headbutt those who attack you in melee.
You are partially covered in iridescent scales. (AC +2)


Message History

a +0 dagger; a +0 sling; a goblin corpse Done exploring.
Done exploring.
Done exploring.
Done exploring.
As you read the scroll labelled ZUAN SAFRAXKEE, it crumbles to dust.
It is a scroll of identify.
i - a potion of berserk rage
As you read the scroll of identify, it crumbles to dust.
l - a potion of curing The air fills with toxic fumes!
As you read the scroll labelled JYNOCL FAMUT, it crumbles to dust.
It was a scroll of poison.
As you read the scroll labelled DUACIEBBIO, it crumbles to dust.
You feel strangely unstable.
It was a scroll of teleportation.
As you read the scroll labelled ZASIDUSKIG, it crumbles to dust.
You feel momentarily disoriented.
It was a scroll of magic mapping.
You aren't carrying any scrolls.
Unknown command.
It was a potion of mutation.
You feel extremely strange.
Iridescent scales grow over part of your body.
Your mouth lengthens and hardens into a beak!
Your beak shortens and softens into a mouth.
The horns on your head grow some more.
Your +2 hat falls away!
Your surroundings suddenly seem different.
(D) Dungeon
Where to? (? - help)
Okay, then.
Unknown command.
Okay, then.
(D) Dungeon
Where to? (? - help)
What level of the Dungeon? (default 1, ? - help)
There is a stone staircase leading up here.
You climb upwards.
There is a stone staircase leading down here.
There is a staircase leading out of the dungeon here.
Are you sure you want to leave the Dungeon?
This will make you lose the game!
You have escaped!

#..........#### #..#..#
#.####.###.# ##...##
#.# #.# #.# ##.## #.#
#.# #.# #.# #)# #.###.#
######.####### #.#
#.....####.............
#.#
#######..........######
#.# #...#........# #.#
#.@.#.....[..#
#.########...#.≈≈.....#
#........#####.≈≈.....#
########## #..........#
#########..# #..# #..#
#..# #..######


There were no monsters in sight!

Vanquished Creatures
  An iguana (D:2)
  An adder (D:2)
  A dart slug (D:2)
  4 bats
  3 endoplasms
  A giant cockroach (D:2)
  4 goblins (D:2)
  3 hobgoblins
  A quokka (D:1)
  2 ball pythons (D:2)
  A frilled lizard (D:1)
  2 kobolds
  5 rats
29 creatures vanquished.

Notes
Turn   | Place    | Note
-------+----------+-------------------------------------------
     0 | D:1      | Peloso the Minotaur Fighter began the quest for the Orb.
     0 | D:1      | Reached XP level 1. HP: 19/19 MP: 0/0
   272 | D:1      | Reached XP level 2. HP: 25/27 MP: 1/1
   828 | D:2      | Reached XP level 3. HP: 27/33 MP: 2/2
  1461 | D:2      | Gained mutation: You are partially covered in iridescent
                  | scales. (AC +2) [potion of mutation]
  1461 | D:2      | Gained mutation: You have a beak for a mouth. [potion of
                  | mutation]
  1461 | D:2      | Lost mutation: You have a beak for a mouth. [potion of
                  | mutation]
  1461 | D:2      | Gained mutation: You have a pair of large horns on your
                  | head. [potion of mutation]
  1509 | D:$      | Got out of the dungeon alive.

Illustrated notes

Levels and vault maps discovered:
D:1:      amcnicky_arrival_single_pillar, layout_loops_ring
D:2:      layout_loops_ring

Skill      XL: |  1  2 |
---------------+-------+-----
Armour         | 4 |  4.2
Fighting       | 4 |  4.2
Long Blades    | 3 |  3.6
Shields        | 4 |  4.0
Dodging        | |  0.8

Action                   || total
-------------------------++-------
Melee: Long sword        ||    75
       Headbutt          ||     8
  Use: Scroll            ||     5
       Potion            ||     1
Armor: Scale mail        ||    46
Dodge: Dodged            ||    42
Block: Buckler           ||    21
